 Dungeon Sprint DCSS version 0.26-a0-690-gcb57259078 (webtiles) character file.

Game seed: 6116890493720586679

527314 mhtbhm the Barachian Barricade (level 22, -5/212 HPs)
             Began as a Barachi Fighter on Oct 24, 2020.
             Was the Champion of Trog.
             Slain by Antaeus (18 damage)
             ... in the Dungeon (Sprint IX: "|||||||||||||||||||||||||||||").
             The game lasted 00:32:59 (11145 turns).

mhtbhm the Barachian Barricade (Barachi Fighter)   Turns: 11145, Time: 00:32:59

Health: -5/212     AC: 44    Str: 31    XL:     22   Next: 56%
Magic:  22/22      EV: 19    Int:  9    God:    Trog [******]
Gold:   599        SH: 30    Dex: 11    Spells: 21/21 levels left

rFire    + + +     SeeInvis .   G - +3 double sword of Pestilence {flame, rElec rC++ Dex-5 Stlth+}
rCold    + + +     Faith    .   c - +2 tower shield {rF+}
rNeg     + + .     Spirit   .   b - +7 gold dragon scales
rPois    +         Reflect  .   y - +0 helmet of Okawaru's Hope {rN++}
rElec    +         Harm     .   x - +1 cloak
rCorr    +         Rampage  .   q - +1 pair of gloves
MR       ++++.     Rnd*Rage +   w - +0 pair of boots Stlth ++++......NoTele +
                                O - amulet of the Nightingale {rPois Regen+ Dex+4}
HPRegen  1.85/turn              P - ring "Burotaxu" {rF+ rCorr}
MPRegen  0.18/turn              z - +6 ring of strength

@: mighty, berserk cooldown, flying (expiring), regenerating, slowed, very slow
A: +LOS, swims, thin skeletal structure 1, berserk 1, clumsy 1, magic resistance
1, slowness 1, weak 1, subdued magic 1, strong legs 2
}: 9/17 runes: decaying, serpentine, barnacled, slimy, elven, silver, golden,
abyssal, gossamer
a: Hop, Berserk, Trog's Hand, Brothers in Arms, Renounce Religion


You were in the Dungeon.
You worshipped Trog.
Trog was exalted by your worship.
You visited 1 branch You collected 1949 gold pieces.
You spent 1350 gold pieces at shops.

Inventory:

Hand Weapons
 a - the +7 double sword of Proximity {flame, +Fly Dex+3}
   (Trog gifted it to you in the Dungeon)

   It has been specially enchanted to burn those struck by it, causing extra
   injury to most foes and up to half again as much damage against particularly
   susceptible opponents.
   Big, fiery blades are also staple armaments of hydra-hunters.
   It affects your dexterity (+3).
   It lets you fly.
 o - the +7 great sword "Hoyr" {antimagic, SInv Stlth+}
   (Trog gifted it to you in the Dungeon)

   It reduces the magical energy of the wielder, and disrupts the spells and
   magical abilities of those hit.
   Natural abilities and divine invocations are not affected.
   It lets you see invisible.
   It makes you more stealthy.
 D - a +5 antimagic double sword
 F - the +7 lajatang of Order {silver, rMut}
   (You found it in the Dungeon)

   It protects you from mutation.
 G - the +3 double sword of Pestilence (weapon) {flame, rElec rC++ Dex-5 Stlth+}
   (Trog gifted it to you in the Dungeon)

   It has been specially enchanted to burn those struck by it, causing extra
   injury to most foes and up to half again as much damage against particularly
   susceptible opponents.
   Big, fiery blades are also staple armaments of hydra-hunters.
   It affects your dexterity (-5).
   It greatly protects you from cold.
   It insulates you from electricity.
   It makes you more stealthy.
 L - a +2 demon whip of flaming
 M - a +3 antimagic eveningstar
 Q - the +6 shillelagh "Devastator" {shatter}
   (Trog gifted it to you in the Dungeon)
Missiles
 p - 14 javelins (quivered)
Armour
 b - +7 gold dragon scales (worn)
 c - a +2 tower shield of fire resistance (worn)
 q - a +1 pair of gloves (worn)
 w - a +0 pair of boots (worn)
 x - a +1 cloak (worn)
 y - the +0 helmet of Okawaru's Hope (worn) {rN++}
   (You found it in the Dungeon)

   It greatly protects you from negative energy.
Jewellery
 v - an uncursed ring of see invisible
 z - a +6 ring of strength (right hand)
 J - an uncursed ring of protection from fire
 N - the amulet "Osihuboss" {Faith rF- rC- Str+7 Int+4}
   (You found it in the Dungeon)

   [amulet of faith]

   It allows you to gain divine favour quickly.
   It affects your strength (+7).
   It affects your intelligence (+4).
   It makes you vulnerable to fire.
   It makes you vulnerable to cold.
 O - the amulet of the Nightingale (around neck) {rPois Regen+ Dex+4}
   (You found it in the Dungeon)

   [amulet of regeneration]

   It affects your dexterity (+4).
   It protects you from poison.
   It increases your rate of regeneration.
 P - the ring "Burotaxu" (left hand) {rF+ rCorr}
   (You found it in the Dungeon)

   [ring of resist corrosion]

   It protects you from fire.
   It provides partial protection from all sources of acid and corrosion.
Wands
 m - a wand of iceblast (1)
Scrolls
 j - a scroll of blinking
 l - 7 scrolls of remove curse
 r - 7 scrolls of fog
 s - 6 scrolls of enchant weapon
 t - 5 scrolls of fear
 u - 3 scrolls of identify
Potions
 e - a potion of invisibility
 f - 3 potions of heal wounds
 g - 10 potions of haste
 h - 9 potions of magic
 i - 5 potions of berserk rage
 k - 4 potions of curing
 n - 2 potions of lignification
 B - 3 potions of stabbing
 C - a potion of brilliance {unknown}
 E - a potion of cancellation {unknown}
 H - 2 potions of resistance
 I - 6 potions of mutation
Miscellaneous
 K - a phantom mirror
 R - the horn of Geryon (inert)


   Skills:
 O Level 27 Fighting
 O Level 27 Long Blades
 + Level 23.6(27) Maces & Flails
 + Level 24.5(27) Staves
 O Level 27 Throwing
 O Level 27 Armour
 O Level 27 Dodging
 O Level 27 Stealth
 O Level 27 Shields
 + Level 24.5 Unarmed Combat
 + Level 24.9 Evocations


You had 21 spell levels left.
You didn't know any spells.
Your spell library was empty.

Dungeon Overview and Level Annotations

Branches:
Dungeon (1/1)

Altars:
Cheibriados
Dithmenos
Elyvilon
Fedhas
Gozag
Hepliaklqana
Kikubaaqudgha
Makhleb
Nemelex Xobeh
Okawaru
Qazlal
Ru
Sif Muna
Trog
Uskayaw
Vehumet
Wu Jian
Xom
Yredelemnul
Zin
The Shining One
Beogh
Jiyva
Lugonu

Shops:
D [[[(

Annotations:
D Antaeus, Dispater, Ereshkigal, Lom Lobon


Innate Abilities, Weirdness & Mutations

You can be seen from farther away. (+LOS)
You can swim through water.
You cover ground slowly.
You can hop long distances.
You have a somewhat thin skeletal structure. (Dex +2, Stealth)
You tend to lose your temper in combat.
You are clumsy. (Dex -2)
You are resistant to hostile enchantments. (MR+)
You are weak. (Str -2)
Your spells are a little easier to cast, but a little less powerful.


Message History

You are engulfed in raging winds.
You block Lom Lobon's attack.
Dispater gestures.
You block Antaeus's attack. x2
Unknown command.
You hit Antaeus but do no damage.
Antaeus is heavily wounded.
You are engulfed in raging winds.
You block Lom Lobon's attack. Antaeus hits you!!!
* * * LOW HITPOINT WARNING * * *
Antaeus freezes you! You resist.
* * * LOW HITPOINT WARNING * * *
You block Antaeus's attack.
Unknown command.
You slash Antaeus! You burn Antaeus!
Antaeus is heavily wounded.
You are engulfed in raging winds.
* * * LOW HITPOINT WARNING * * *
The winds around Lom Lobon start to calm down.
You block Lom Lobon's attack. Antaeus hits you!!
You die...

.▓.▓'▓.▓)▓.▓.▓.▓1▓
)▓.▓.▓.▓(▓.▓.▓.▓2▓
)▓.▓)▓.▓.▓.▓'▓.▓.▓
)▓.▓.▓.▓)▓.▓)▓.▓&▓
)▓.▓.▓.▓(▓.▓.▓.▓.▓
'▓.▓(▓.♣(♣.▓.▓.▓.▓
.▓.▓.▓.♣.♣.▓.▓.▓2▓
.▓.▓.▓.♣)♣.▓.▓.▓C▓
.▓.▓.▓.♣)♣.▓.▓.▓@▓
.▓.▓.▓.♣)♣.▓.▓.▓&▓
.▓.▓[▓.♣)♣.▓.▓.▓§▓
.▓.▓'▓.♣)♣.▓.▓.▓.▓
.▓.▓)▓.♣)♣.▓)▓.▓.▓
)▓.▓.▓.♣)♣.▓'▓.▓.▓
)▓.▓.▓.♣)♣.▓.▓.▓.▓
)▓.▓.▓.♣)♣.▓.▓.▓.▓
.▓.▓)▓.♣)♣.▓.▓.▓.▓


You could see Antaeus, Dispater, Lom Lobon (gusty), a Tzitzimitl (summoned), a
hell beast (summoned) and a blizzard demon (summoned).

Vanquished Creatures
  the Royal Jelly (D)
  2 orbs of fire (D)
  3 ancient liches (D)
  Mara (D)
  5 greater mummies (D)
  Sojobo (D)
  Boris (D)
  2 Killer Klowns (D)
  Frederick (D)
  Xtahua (D)
  Margery (D)
  A curse toe (D)
  A caustic shrike (D)
  Geryon (D)
  3 golden dragons (D)
  Jory (D)
  3 electric golems (D)
  4 tentacled monstrosities (D)
  30 Orb Guardians (D)
  3 liches (D)
  3 deep elf blademasters (D)
  13 acid blobs (D)
  3 deep elf master archers (D)
  2 death cobs (D)
  A quicksilver dragon (D)
  2 tentacled starspawn (D)
  Agnes (D)
  Frances (D)
  A draconian monk (D)
  2 tengu reavers (D)
  Kirke (D)
  7 shadow dragons (D)
  12 sphinxes (D)
  Ilsuiw (D)
  3 storm dragons (D)
  6 azure jellies (D)
  8 nagarajas (D)
  3 fire giants (D)
  A deep elf sorcerer (D)
  A frost giant (D)
  3 ghost moths (D)
  Aizul (D)
  2 draconian knights (D)
  2 vault wardens (D)
  An orc warlord (D)
  3 emperor scorpions (D)
  3 stone giants (D)
  3 draconian stormcallers (D)
  An ironheart preserver (D)
  A draconian shifter (D)
  2 very ugly things (D)
  3 draconian annihilators (D)
  A war gargoyle (D)
  9 vampire knights (D)
  2 deep elf demonologists (D)
  3 green draconians (D)
  3 black draconians (D)
  Nessos (D)
  4 red draconians (D)
  2 white draconians (D)
  A yellow draconian (D)
  A deep elf annihilator (D)
  4 purple draconians (D)
  2 merfolk javelineers (D)
  4 mummy priests (D)
  Josephine (D)
  2 deep elf death magi (D)
  4 death oozes (D)
  An ettin (D)
  5 fire dragons (D)
  2 great orbs of eyes (D)
  5 yaktaur captains (D)
  7 merfolk impalers (D)
  25 vault guards (D)
  A boulder beetle (D)
  2 deep elf high priests (D)
  5 ice dragons (D)
  9 hydras (D)
  3 naga warriors (D)
  A merfolk avatar (D)
  A rakshasa (D)
  A centaur warrior (D)
  A merfolk aquamancer (D)
  A two-headed ogre (shapeshifter) (D)
  An anaconda (D)
  6 ogre magi (D)
  A deep troll shaman (D)
  2 deep troll earth magi (D)
  6 two-headed ogres (D)
  2 tengu warriors (D)
  Nergalle (D)
  A deep elf knight (D)
  A fire crab (shapeshifter) (D)
  3 hell knights (D)
  A wizard (D)
  2 sea snakes (D)
  A sixfirhy (D)
  A glowing orange brain (D)
  5 swamp dragons (D)
  2 flayed ghosts (D)
  A deep elf archer (D)
  A deep troll (D)
  2 naga ritualists (D)
  4 orc knights (D)
  A phantasmal warrior (D)
  3 necromancers (D)
  3 deep elf magi (D)
  9 moths of wrath (D)
  An ugly thing (D)
  3 manticores (D)
  2 wolf spiders (D)
  A salamander (shapeshifter) (D)
  3 black mambas (D)
  Joseph (D)
  2 vault sentinels (D)
  2 merfolk sirens (D)
  3 naga magi (D)
  3 cane toads (D)
  4 komodo dragons (D)
  6 yaktaurs (D)
  A komodo dragon (shapeshifter) (D)
  3 freezing wraiths (D)
  19 guardian mummies (D)
  2 demonic crawlers (D)
  A troll (D)
  An ancient zyme (D)
  A polar bear (shapeshifter) (D)
  A wandering mushroom (D)
  3 jumping spiders (D)
  2 merfolk (D)
  A hornet (D)
  A polar bear (D)
  2 tyrant leeches (D)
  A bog body (D)
  A snapping turtle (D)
  A blink frog (shapeshifter) (D)
  11 spriggans (D)
  A shadow (D)
  6 redbacks (D)
  A tarantella (D)
  3 wraiths (D)
  A hog (shapeshifter) (D)
  A wyvern (D)
  3 yaks (D)
  Grum (D)
  A golden eye (D)
  A hog (D)
  A neqoxec (D)
  2 vampire mosquitoes (D)
  A large abomination (D)
  An insubstantial wisp (D)
  3 water moccasins (D)
  4 acid dragons (D)
  4 floating eyes (D)
  A soldier ant (shapeshifter) (D)
  3 swamp drakes (D)
  A sky beast (D)
  An ice beast (D)
  9 orc warriors (D)
  2 wolves (D)
  A centaur (D)
  5 ogres (D)
  2 big kobolds (D)
  14 bullfrogs (D)
  3 orc priests (D)
  7 orc wizards (D)
  An ufetubus (D)
  An adder zombie (D)
  A dart slug (D)
  A leopard gecko (D)
  5 orcs (D)
  2 bat skeletons (D)
  2 bat zombies (D)
  A goblin (D)
  A hobgoblin (D)
  A jackal (D)
  A bat (D)
  A kobold (D)
  A block of ice (D)
  2 crawling corpses (D)
  A starspawn tentacle (D)
526 creatures vanquished.

Vanquished Creatures (collateral kills)
  An ironbrand convoker (D)
  2 guardian serpents (D)
  A slime creature (D)
  A naga (D)
5 creatures vanquished.

Vanquished Creatures (others)
  A merfolk aquamancer (D)
  A cane toad (D)
  3 ball lightnings (D)
  A starspawn tentacle (D)
6 creatures vanquished.

Grand Total: 537 creatures vanquished

Notes
Turn   | Place    | Note
-------+----------+-------------------------------------------
     0 | D        | mhtbhm the Barachi Fighter began the quest for the Orb.
     0 | D        | Reached XP level 1. HP: 18/18 MP: 1/1
    23 | D        | Reached XP level 2. HP: 20/26 MP: 2/2
   117 | D        | Reached skill level 5 in Fighting
   117 | D        | Reached skill level 5 in Armour
   117 | D        | Reached XP level 3. HP: 12/33 MP: 3/3
   130 | D        | Reached skill level 5 in Shields
   137 | D        | Found a roughly hewn altar of Beogh.
   137 | D        | Found a snail-covered altar of Cheibriados.
   137 | D        | Found a shadowy altar of Dithmenos.
   137 | D        | Found a white marble altar of Elyvilon.
   137 | D        | Found a blossoming altar of Fedhas.
   137 | D        | Found an opulent altar of Gozag.
   137 | D        | Found a hazy altar of Hepliaklqana.
   138 | D        | Found a viscous altar of Jiyva.
   139 | D        | Found an ancient bone altar of Kikubaaqudgha.
   140 | D        | Found a corrupted altar of Lugonu.
   141 | D        | Found a burning altar of Makhleb.
   142 | D        | Found a sparkling altar of Nemelex Xobeh.
   143 | D        | Found an iron altar of Okawaru.
   144 | D        | Found a stormy altar of Qazlal.
   145 | D        | Found a sacrificial altar of Ru.
   146 | D        | Found a shimmering blue altar of Sif Muna.
   147 | D        | Found a bloodstained altar of Trog.
   148 | D        | Found a hide-covered altar of Uskayaw.
   149 | D        | Found a radiant altar of Vehumet.
   150 | D        | Found an ornate altar of the Wu Jian Council.
   155 | D        | Found a shimmering altar of Xom.
   156 | D        | Found a basalt altar of Yredelemnul.
   157 | D        | Found a glowing silver altar of Zin.
   158 | D        | Found a glowing golden altar of the Shining One.
   160 | D        | Became a worshipper of Trog the Wrathful
   296 | D        | Noticed an ogre
   296 | D        | Noticed a big kobold
   296 | D        | Noticed a big kobold
   296 | D        | Noticed a yak
   296 | D        | Noticed a centaur
   296 | D        | Noticed a sky beast
   308 | D        | Killed a sky beast
   308 | D        | Reached skill level 1 in Dodging
   308 | D        | Reached XP level 4. HP: 41/41 MP: 4/4
   308 | D        | Reached XP level 5. HP: 47/47 MP: 5/5
   311 | D        | Killed a centaur
   323 | D        | Killed a yak
   323 | D        | Reached * piety under Trog
   323 | D        | Reached XP level 6. HP: 51/56 MP: 6/6
   336 | D        | Reached skill level 10 in Long Blades
   340 | D        | Reached XP level 7. HP: 55/63 MP: 7/7
   442 | D        | Noticed a shadow
   442 | D        | Noticed a cane toad
   442 | D        | Noticed a blink frog
   442 | D        | a cane toad changed into a blink frog
   444 | D        | Reached ** piety under Trog
   448 | D        | Killed a blink frog
   448 | D        | Reached skill level 1 in Evocations
   455 | D        | Reached XP level 8. HP: 71/71 MP: 8/8
   460 | D        | Killed a shadow
   460 | D        | Reached *** piety under Trog
   460 | D        | Reached skill level 10 in Shields
   578 | D        | Noticed a six-headed hydra
   578 | D        | Noticed a cane toad
   578 | D        | Noticed a komodo dragon
   578 | D        | Noticed a yak
   578 | D        | Noticed a black mamba
   583 | D        | Killed a black mamba
   583 | D        | Reached skill level 10 in Fighting
   583 | D        | Noticed a wyvern
   584 | D        | Reached skill level 5 in Dodging
   588 | D        | Killed a yak
   588 | D        | Reached **** piety under Trog
   588 | D        | Reached XP level 9. HP: 79/79 MP: 9/9
   598 | D        | Killed a komodo dragon
   603 | D        | Killed a one-headed hydra
   603 | D        | Reached skill level 15 in Long Blades
   608 | D        | Killed a cane toad
   609 | D        | Reached ***** piety under Trog
   799 | D        | Noticed a komodo dragon
   799 | D        | Noticed a komodo dragon
   799 | D        | Noticed a cane toad
   799 | D        | Noticed a komodo dragon
   802 | D        | Reached XP level 10. HP: 89/89 MP: 10/10
   815 | D        | Killed a cane toad
   835 | D        | Reached ****** piety under Trog
   938 | D        | Noticed a cane toad
   948 | D        | Killed a cane toad
   948 | D        | Received a gift from Trog
  1046 | D        | Noticed Joseph
  1058 | D        | Killed Joseph
  1199 | D        | Received a gift from Trog
  1204 | D        | Got a fading scimitar {god gift}
  1205 | D        | Identified the +5 scimitar "Xicva" {vorpal, Str-4 Int+7}
                  | (Trog gifted it to you in the Dungeon)
  1216 | D        | Received a gift from Trog
  1221 | D        | Noticed an orc knight
  1239 | D        | Killed an orc knight
  1239 | D        | Reached skill level 1 in Stealth
  1239 | D        | Reached XP level 11. HP: 59/99 MP: 11/11
  1384 | D        | Noticed an orc knight
  1392 | D        | Received a gift from Trog
  1401 | D        | Killed an orc knight
  1422 | D        | Received a gift from Trog
  1505 | D        | Found Osetec's Antique Weapon Boutique.
  1505 | D        | Noticed a two-headed ogre
  1505 | D        | Noticed a two-headed ogre
  1505 | D        | Noticed an ogre mage
  1505 | D        | Noticed a two-headed ogre
  1508 | D        | Killed a two-headed ogre
  1511 | D        | Found Ciho's Antique Armour Shop.
  1514 | D        | Killed an ogre mage
  1514 | D        | Received a gift from Trog
  1515 | D        | Noticed an ogre mage
  1520 | D        | Killed a two-headed ogre
  1520 | D        | Reached skill level 15 in Fighting
  1524 | D        | Killed a two-headed ogre
  1524 | D        | Reached skill level 10 in Armour
  1527 | D        | Found Loanaw's Antique Armour Boutique.
  1527 | D        | Noticed a two-headed ogre
  1531 | D        | Killed an ogre mage
  1533 | D        | Found Guehayh's Antique Armour Shop.
  1534 | D        | Noticed a two-headed ogre
  1536 | D        | Killed a two-headed ogre
  1536 | D        | Received a gift from Trog
  1536 | D        | Noticed an ogre mage
  1538 | D        | Noticed a two-headed ogre
  1543 | D        | Killed a two-headed ogre
  1543 | D        | Reached skill level 15 in Shields
  1552 | D        | Killed an ogre mage
  1552 | D        | Reached skill level 10 in Dodging
  1552 | D        | Reached XP level 12. HP: 87/111 MP: 4/12
  1560 | D        | Killed a two-headed ogre
  1619 | D        | Got a jewelled long sword {god gift}
  1620 | D        | Identified the +0 long sword of Duokk {vorpal, *Rage +Inv
                  | MR+++} (Trog gifted it to you in the Dungeon)
  1633 | D        | Bought a runed tower shield for 150 gold pieces
  1640 | D        | Bought a runed cloak for 180 gold pieces
  1640 | D        | Bought a shiny helmet for 180 gold pieces
  1670 | D        | Bought a shimmering plate armour for 672 gold pieces
  1675 | D        | Identified the +2 plate armour of Monotheism {+Inv Str+2}
                  | (You bought it in a shop in the Dungeon)
  1820 | D        | Bought a glowing scale mail for 168 gold pieces
  1943 | D        | Noticed Josephine
  1958 | D        | Killed Josephine
  1958 | D        | Received a gift from Trog
  2061 | D        | Gained mutation: You are dopey. (Int -2) [potion of
                  | mutation]
  2061 | D        | Lost mutation: You are dopey. (Int -2) [potion of mutation]
  2061 | D        | Gained mutation: You are resistant to hostile enchantments.
                  | (MR+) [potion of mutation]
  2061 | D        | Gained mutation: You have a somewhat thin skeletal
                  | structure. (Dex +2, Stealth) [potion of mutation]
  2067 | D        | Noticed an ice dragon
  2075 | D        | Received a gift from Trog
  2076 | D        | Noticed a deep troll earth mage
  2086 | D        | Killed an ice dragon
  2093 | D        | Noticed an ice dragon
  2099 | D        | Noticed an ogre mage
  2109 | D        | Killed a deep troll earth mage
  2109 | D        | Received a gift from Trog
  2127 | D        | Killed an ice dragon
  2132 | D        | Killed an ogre mage
  2133 | D        | Received a gift from Trog
  2430 | D        | Noticed Kirke
  2443 | D        | Killed Kirke
  2472 | D        | Noticed a merfolk impaler
  2488 | D        | Killed a merfolk impaler
  2488 | D        | Gained mutation: You can hop long distances. [Barachi
                  | growth]
  2488 | D        | Reached XP level 13. HP: 96/122 MP: 4/13
  2509 | D        | Received a gift from Trog
  2550 | D        | Got a polished double sword {god gift}
  2551 | D        | Identified the +3 double sword "Poam" {vorpal, rN+ MR+}
                  | (Trog gifted it to you in the Dungeon)
  2656 | D        | Received a gift from Trog
  3023 | D        | Received a gift from Trog
  3047 | D        | Received a gift from Trog
  3101 | D        | Noticed an emperor scorpion
  3122 | D        | Received a gift from Trog
  3134 | D        | Killed an emperor scorpion
  3300 | D        | Noticed Grum
  3307 | D        | Killed Grum
  3313 | D        | Received a gift from Trog
  3315 | D        | Noticed Frances
  3332 | D        | Killed Frances
  3441 | D        | Got an ichor-stained double sword {god gift}
  3442 | D        | Identified the +3 double sword of Pestilence {flame, rElec
                  | rC++ Dex-5 Stlth+} (Trog gifted it to you in the Dungeon)
  3582 | D        | Noticed Nessos
  3612 | D        | Killed Nessos
  3808 | D        | Noticed a great orb of eyes
  3808 | D        | Noticed a quicksilver dragon
  3808 | D        | Noticed a stone giant
  3808 | D        | Noticed a fire giant
  3812 | D        | Killed a fire giant
  3812 | D        | Reached XP level 14. HP: 134/134 MP: 14/14
  3817 | D        | Noticed a vampire knight
  3825 | D        | Killed a stone giant
  3825 | D        | Received a gift from Trog
  3826 | D        | Found the +2 Maxwell's thermic engine {flame, freeze}
  3832 | D        | Killed a vampire knight
  3839 | D        | Killed a quicksilver dragon
  3855 | D        | Noticed a stone giant
  3861 | D        | Received a gift from Trog
  3887 | D        | Reached skill level 15 in Armour
  3894 | D        | Killed a stone giant
  3905 | D        | Received a gift from Trog
  4076 | D        | Noticed a vault warden
  4105 | D        | Received a gift from Trog
  4116 | D        | Killed a vault warden
  4116 | D        | Reached skill level 5 in Evocations
  4116 | D        | Noticed a stone giant
  4118 | D        | Noticed a vault warden
  4132 | D        | Received a gift from Trog
  4147 | D        | Killed a stone giant
  4153 | D        | Killed a vault warden
  4155 | D        | Received a gift from Trog
  4180 | D        | Received a gift from Trog
  4180 | D        | Reached XP level 15. HP: 129/146 MP: 15/15
  4317 | D        | Noticed Boris
  4334 | D        | Killed Boris
  4563 | D        | Found the +7 lajatang of Order {silver, rMut}
  4594 | D        | Got the +0 helmet of Okawaru's Hope {rN++}
  4675 | D        | Noticed Margery
  4694 | D        | Killed Margery
  4698 | D        | Received a gift from Trog
  4755 | D        | Noticed Xtahua
  4769 | D        | Paralysed by Xtahua for 2 turns
  4776 | D        | Killed Xtahua
  4776 | D        | Received a gift from Trog
  5036 | D        | Got a masterwork great sword {god gift}
  5037 | D        | Identified the +7 great sword "Hoyr" {antimagic, SInv
                  | Stlth+} (Trog gifted it to you in the Dungeon)
  5129 | D        | Received a gift from Trog
  5469 | D        | Got a decaying rune of Zot
  5512 | D        | Noticed Ilsuiw
  5522 | D        | Received a gift from Trog
  5534 | D        | Killed Ilsuiw
  5556 | D        | Received a gift from Trog
  5592 | D        | Reached XP level 16. HP: 33/160 MP: 16/16
  5597 | D        | Got a barnacled rune of Zot
  5934 | D        | Noticed a nagaraja
  5934 | D        | Noticed a nagaraja
  5934 | D        | Noticed a nagaraja
  5934 | D        | Noticed a nagaraja
  5934 | D        | Noticed a nagaraja
  5935 | D        | Noticed a nagaraja
  5939 | D        | Noticed a nagaraja
  5946 | D        | Killed a nagaraja
  5946 | D        | Received a gift from Trog
  5946 | D        | Reached skill level 1 in Throwing
  5947 | D        | Noticed a nagaraja
  5954 | D        | Killed a nagaraja
  5956 | D        | Killed a nagaraja
  5958 | D        | Received a gift from Trog
  5959 | D        | Killed a nagaraja
  5960 | D        | Killed a nagaraja
  5966 | D        | Killed a nagaraja
  5966 | D        | Reached skill level 5 in Throwing
  5966 | D        | Received a gift from Trog
  5969 | D        | Killed a nagaraja
  5972 | D        | Killed a nagaraja
  5973 | D        | Received a gift from Trog
  5980 | D        | Got a serpentine rune of Zot
  6258 | D        | Received a gift from Trog
  6262 | D        | Reached skill level 27 in Shields
  6282 | D        | Received a gift from Trog
  6288 | D        | Got a gossamer rune of Zot
  6483 | D        | Noticed a tengu reaver
  6499 | D        | Killed a tengu reaver
  6613 | D        | Noticed Sojobo
  6613 | D        | Noticed a tengu reaver
  6618 | D        | Killed a tengu reaver
  6623 | D        | Killed Sojobo
  6623 | D        | Reached skill level 27 in Long Blades
  6623 | D        | Reached skill level 10 in Throwing
  6623 | D        | Reached skill level 15 in Dodging
  6766 | D        | Received a gift from Trog
  6808 | D        | Received a gift from Trog
  6833 | D        | Reached XP level 17. HP: 171/171 MP: 17/17
  6849 | D        | Received a gift from Trog
  6890 | D        | Received a gift from Trog
  6895 | D        | Reached skill level 27 in Fighting
  7035 | D        | Noticed a lich
  7040 | D        | Received a gift from Trog
  7041 | D        | Killed a lich
  7048 | D        | Received a gift from Trog
  7050 | D        | Reached skill level 15 in Throwing
  7050 | D        | Reached skill level 5 in Stealth
  7063 | D        | Identified the Disquisition on Air and Conjuration
  7088 | D        | Received a gift from Trog
  7272 | D        | Noticed an ancient lich
  7274 | D        | Noticed a golden dragon
  7277 | D        | Received a gift from Trog
  7278 | D        | Killed an ancient lich
  7286 | D        | Killed a golden dragon
  7294 | D        | Got a silver rune of Zot
  7303 | D        | Got a polished chain mail
  7309 | D        | Identified the cursed +1 chain mail of Stoicism {Str+4
                  | Int+7 Dex+3} (You found it in the Dungeon)
  7521 | D        | Noticed Frederick
  7532 | D        | Killed Frederick
  7532 | D        | Received a gift from Trog
  7618 | D        | Got the ring "Ituehac" {+Fly Str+4 SInv}
  7620 | D        | Got the ring of Etiatal {*Contam rElec rPois MR+ Str-4}
  7622 | D        | Got the amulet "Osihuboss" {Faith rF- rC- Str+7 Int+4}
  7624 | D        | Got the amulet of the Nightingale {rPois Regen+ Dex+4}
  7626 | D        | Got the ring "Burotaxu" {rF+ rCorr}
  7630 | D        | Found the +11 plutonium sword {*Contam Stlth-}
  7734 | D        | Noticed Mara
  7735 | D        | Noticed Nergalle
  7736 | D        | Noticed Aizul
  7744 | D        | Killed Nergalle
  7756 | D        | Noticed mhtbhm's illusion
  7758 | D        | Killed Aizul
  7782 | D        | Killed Mara
  7782 | D        | Received a gift from Trog
  7782 | D        | Reached XP level 18. HP: 148/182 MP: 18/18
  7787 | D        | Got a bloodstained scimitar {god gift}
  7788 | D        | Identified the +2 scimitar "Uduiv" {antimagic, Str+5 Dex+2}
                  | (Trog gifted it to you in the Dungeon)
  7817 | D        | Noticed Jory
  7818 | D        | Noticed Agnes
  7825 | D        | Killed Jory
  7830 | D        | Killed Agnes
  7918 | D        | Received a gift from Trog
  8065 | D        | Noticed a golden dragon
  8074 | D        | Received a gift from Trog
  8077 | D        | Killed a golden dragon
  8107 | D        | Received a gift from Trog
  8117 | D        | Got a brightly glowing double sword {god gift}
  8118 | D        | Identified the +7 double sword of Proximity {flame, +Fly
                  | Dex+3} (Trog gifted it to you in the Dungeon)
  8234 | D        | Received a gift from Trog
  8248 | D        | Noticed a tentacled monstrosity
  8251 | D        | Killed a tentacled monstrosity
  8251 | D        | Received a gift from Trog
  8289 | D        | Noticed a golden dragon
  8292 | D        | Noticed a tentacled monstrosity
  8297 | D        | Received a gift from Trog
  8297 | D        | Killed a golden dragon
  8299 | D        | Killed a tentacled monstrosity
  8305 | D        | Reached skill level 27 in Throwing
  8305 | D        | Reached XP level 19. HP: 189/189 MP: 19/19
  8363 | D        | Noticed a tentacled monstrosity
  8365 | D        | Received a gift from Trog
  8365 | D        | Killed a tentacled monstrosity
  8367 | D        | Noticed a curse toe
  8371 | D        | Killed a curse toe
  8371 | D        | Received a gift from Trog
  8503 | D        | Reached skill level 27 in Dodging
  8526 | D        | Received a gift from Trog
  8526 | D        | Reached skill level 27 in Armour
  8532 | D        | Reached skill level 10 in Stealth
  8646 | D        | Noticed a tentacled monstrosity
  8651 | D        | Reached skill level 15 in Stealth
  8652 | D        | Received a gift from Trog
  8655 | D        | Killed a tentacled monstrosity
  8721 | D        | Noticed an ancient lich
  8729 | D        | Killed an ancient lich
  8729 | D        | Received a gift from Trog
  8731 | D        | Noticed an orb of fire
  8735 | D        | Gained mutation: You tend to lose your temper in combat.
                  | [an orb of fire]
  8749 | D        | Killed an orb of fire
  8753 | D        | Noticed an electric golem
  8762 | D        | Killed an electric golem
  8762 | D        | Reached XP level 20. HP: 167/197 MP: 20/20
  8765 | D        | Noticed a Killer Klown
  8765 | D        | Noticed an electric golem
  8765 | D        | Noticed an electric golem
  8765 | D        | Noticed a Killer Klown
  8766 | D        | Killed an electric golem
  8767 | D        | Noticed an orb of fire
  8769 | D        | Killed a Killer Klown
  8769 | D        | Received a gift from Trog
  8771 | D        | Killed an electric golem
  8771 | D        | Noticed a golden dragon
  8772 | D        | Gained mutation: You are clumsy. (Dex -2) [an orb of fire]
  8773 | D        | Gained mutation: You are weak. (Str -2) [an orb of fire]
  8774 | D        | Gained mutation: Your spells are a little easier to cast,
                  | but a little less powerful. [an orb of fire]
  8776 | D        | Killed an orb of fire
  8778 | D        | Received a gift from Trog
  8779 | D        | Noticed a caustic shrike
  8779 | D        | a golden dragon changed into a caustic shrike
  8785 | D        | Killed a caustic shrike
  8785 | D        | Reached skill level 27 in Stealth
  8797 | D        | Killed a Killer Klown
  8820 | D        | Received a gift from Trog
  8820 | D        | Reached skill level 10 in Evocations
  9001 | D        | Reached skill level 5 in Maces & Flails
  9001 | D        | Reached skill level 10 in Staves
  9001 | D        | Reached skill level 10 in Unarmed Combat
  9022 | D        | Received a gift from Trog
  9034 | D        | Reached skill level 10 in Maces & Flails
  9152 | D        | Noticed an ancient lich
  9155 | D        | Received a gift from Trog
  9155 | D        | Killed an ancient lich
  9155 | D        | Reached skill level 15 in Evocations
  9155 | D        | Reached XP level 21. HP: 201/204 MP: 21/21
  9155 | D        | Received a gift from Trog
  9162 | D        | Reached skill level 15 in Staves
  9162 | D        | Reached skill level 15 in Unarmed Combat
  9165 | D        | Received a gift from Trog
  9289 | D        | Received a gift from Trog
  9296 | D        | Received a gift from Trog
  9403 | D        | Received a gift from Trog
  9415 | D        | Received a gift from Trog
  9415 | D        | Reached skill level 15 in Maces & Flails
  9453 | D        | Received a gift from Trog
  9479 | D        | Got an elven rune of Zot
  9660 | D        | Noticed the Royal Jelly
  9667 | D        | Killed the Royal Jelly
  9668 | D        | Received a gift from Trog
  9688 | D        | Received a gift from Trog
  9689 | D        | Found the +6 shillelagh "Devastator" {shatter}
  9707 | D        | Got a slimy rune of Zot
  9828 | D        | Received a gift from Trog
  9835 | D        | Received a gift from Trog
  9836 | D        | Reached XP level 22. HP: 168/212 MP: 22/22
  9848 | D        | Received a gift from Trog
  9852 | D        | Paralysed by a sphinx for 4 turns
 10117 | D        | Received a gift from Trog
 10320 | D        | Noticed a greater mummy
 10320 | D        | Noticed a greater mummy
 10323 | D        | Received a gift from Trog
 10334 | D        | Killed a greater mummy
 10335 | D        | Killed a greater mummy
 10690 | D        | Noticed a greater mummy
 10690 | D        | Noticed a greater mummy
 10690 | D        | Noticed a greater mummy
 10691 | D        | Received a gift from Trog
 10692 | D        | Killed a greater mummy
 10698 | D        | Killed a greater mummy
 10698 | D        | Received a gift from Trog
 10698 | D        | Killed a greater mummy
 10919 | D        | Got a golden rune of Zot
 10927 | D        | Received a gift from Trog
 10946 | D        | Got an abyssal rune of Zot
 11072 | D        | Noticed Geryon
 11088 | D        | Killed Geryon
 11093 | D        | Identified the +4 staff of Dispater
 11093 | D        | Noticed Dispater
 11093 | D        | Noticed Antaeus
 11093 | D        | Noticed Lom Lobon
 11095 | D        | Noticed Ereshkigal
 11145 | D        | Slain by Antaeus

Illustrated notes

Levels and vault maps discovered:
D:        linesprint [early_d, line_temple, items_1, d_10, items_2, lair_1,
          lair_end, items_3, orc_1, orc_end, items_4, d_15, swamp_1, shoals_1,
          snake_1, spider_1, d_20, vaults_1, items_5, swamp_end, shoals_end,
          snake_end, spider_end, vaults_end, d_27, items_6, zot_1, zot_end,
          crypt_end, forest_end, elf_end, slime_end, tomb_end, abyss_end,
          pan_hell_end]

Skill      XL: |  1  2  3  4  5  6  7  8  9 10 11 12 13 14 15 16 17 18 19 20 21 22 |
---------------+-------------------------------------------------------------------+-----
Fighting       | 4 5 6 8 9 10 11 13 16 18 19 22 24 26 27 | 27.0
Armour         | 4 5 6 7 8 9 10 11 13 15 18 19 20 23 27 | 27.0
Long Blades    | 3 4 6 9 10 12 14 16 18 20 21 22 24 26 27 | 27.0
Shields        | 4 6 8 9 10 12 13 15 17 20 23 25 27 | 27.0
Dodging        | 1 2 3 4 5 6 8 10 11 12 16 22 25 27 | 27.0
Evocations     | 1 2 3 4 5 15 22 24 | 24.9
Stealth        | 1 2 3 6 7 22 27 | 27.0
Throwing       | 12 21 27 | 27.0
Staves         | 14 21 24 | 24.5
Unarmed Combat | 14 21 24 | 24.5
Maces & Flails | 12 20 23 | 23.6

Action                   |  1- 3 |  4- 6 |  7- 9 | 10-12 | 13-15 | 16-18 | 19-21 | 22-24 || total
-------------------------+-------+-------+-------+-------+-------+-------+-------+-------++-------
Melee: Long sword        |    49 |       |       |       |       |       |       |       ||    49
       Scimitar          |    11 |    20 |    57 |   312 |    50 |       |       |       ||   450
       Double sword      |       |       |       |       |   495 |   336 |   268 |    68 ||  1167
Throw: Javelin           |       |       |       |       |       |    64 |    68 |    44 ||   176
Invok: Berserk           |       |       |     1 |     6 |     9 |     4 |     1 |     1 ||    22
       Brothers in Arms  |       |       |       |       |     1 |     1 |       |     1 ||     3
       Trog's Hand       |       |       |       |       |       |       |       |     2 ||     2
 Abil: Hop               |       |     1 |       |       |       |       |       |     2 ||     3
Evoke: Wand              |       |     2 |     1 |     4 |     2 |       |       |       ||     9
       Horn of Geryon    |       |       |       |       |       |       |       |     1 ||     1
  Use: Potion            |     2 |     1 |       |     1 |     3 |       |       |     7 ||    14
       Scroll            |       |       |       |       |     2 |     6 |       |     2 ||    10
 Stab: Sleeping          |       |       |       |       |       |       |     1 |     1 ||     2
Armor: Scale mail        |    22 |       |       |       |       |       |       |       ||    22
       Ring mail         |     3 |     5 |     9 |     9 |       |       |       |       ||    26
       Plate armour      |       |       |       |    18 |   149 |       |       |       ||   167
       Swamp dragon scal |       |       |       |       |    17 |    51 |       |       ||    68
       Gold dragon scale |       |       |       |       |       |    14 |    74 |    35 ||   123
       Chain mail        |       |       |       |       |       |     1 |       |       ||     1
Dodge: Dodged            |    17 |     6 |    18 |    82 |   122 |    63 |    58 |    22 ||   388
Block: Kite shield       |    24 |    13 |    18 |    65 |       |       |       |       ||   120
       Tower shield      |       |       |       |   113 |   549 |   259 |   265 |    78 ||  1264
       Rpst.: Long sword |     3 |       |       |       |       |       |       |       ||     3
       Scimitar          |     1 |     1 |     3 |    21 |       |       |       |       ||    26
       Double sword      |       |       |       |       |    12 |    12 |     6 |     3 ||    33

Table legend: (Time is in decaauts) A = Elapsed time spent in this place. B = Non-inter-level travel time spent in this place. C = Inter-level travel time spent in this place. D = Time resting spent in this place. E = Time spent auto-exploring this place. F = Levels seen in this place. G = Mean time per level. A B C D E F G +--------+--------+--------+--------+--------+-----+--------+ Total | 11477 | 11477 | 0 | 5507 | 1233 | 1 | 11477.0 | Dungeon | 11477 | 11477 | 0 | 5507 | 1233 | 1 | 11477.0 | +--------+--------+--------+--------+--------+-----+--------+

Top non-repeatable levels by time:
       D: 11477 daAuts
